 Dungeon Crawl Stone Soup version 0.18-a0-19-g8b99b3a (webtiles) character file.

154 Raultor the Covered (level 5, -1/32 HPs)
             Began as a Gargoyle Fighter on Nov 1, 2015.
             Slain by a gnoll (5 damage)
             ... on level 3 of the Dungeon.
             The game lasted 00:03:25 (1828 turns).

Raultor the Covered (Gargoyle Fighter)              Turns: 1828, Time: 00:03:25

Health: -1/32      AC: 11    Str: 21    XL:     5   Next: 35%
Magic:  5/5        EV:  7    Int:  8    God:
Gold:   68         SH:  9    Dex:  9    Spells: 0 memorised, 4 levels left

rFire  . . .     SeeInvis .     a - +0 flail
rCold  . . .     Clarity  .     b - +0 scale mail
rNeg   + . .     SustAt   .     c - +0 shield
rPois  ∞         Gourm    .     (no helmet)
rElec  +         Spirit   .     (no cloak)
rCorr  .         Warding  .     (no gloves)
rMut   .         Stasis   .     (no boots)
MR     .....                    (no amulet)
Stlth  ..........               (no ring)
                                (no ring)

@: not resistant to hostile enchantments, extremely unstealthy
A: negative energy resistance 1, electricity resistance, unbreathing,
petrification resistance, rot immunity, AC +4
a: no special abilities


You were on level 3 of the Dungeon.
You were not hungry.

You visited 1 branch of the dungeon, and saw 3 of its levels.

You collected 68 gold pieces.

Inventory:

Hand Weapons
 a - a +0 flail (weapon)
Armour
 b - a +0 scale mail (worn)
 c - a +0 shield (worn)
Scrolls
 h - a scroll of amnesia {unknown}
 i - a scroll of magic mapping {unknown}
 k - 2 scrolls of teleportation {unknown}
 l - 2 scrolls of identify {unknown}
 n - a scroll of remove curse {unknown}
Potions
 d - a potion of might
 g - 2 potions of curing {unknown}
 j - a potion of haste
 o - a potion of cancellation {unknown}
Comestibles
 e - 3 bread rations
 f - 2 beef jerkies
 m - 2 meat rations
 p - a slice of pizza
 q - 2 chunks of flesh


   Skills:
 - Level 3.2 Fighting
 * Level 3.8 Maces & Flails
 + Level 4.7 Armour
 + Level 4.1 Shields


You had 4 spell levels left.
You didn't know any spells.

Dungeon Overview and Level Annotations

Branches:
Dungeon (3/15)

Altars:

Annotations:
D:2 Sigmund


Innate Abilities, Weirdness & Mutations

You are resistant to torment.
Your stone body is resilient (AC +4).
You are immune to poison.
You resist negative energy.
You are resistant to electric shocks.
You can survive without breathing.
You are immune to petrification.
You are immune to rotting.


Message History

You block the gnoll's attack.
You thump the gnoll!
You kill the gnoll!
The gnoll hits you.
* * * LOW HITPOINT WARNING * * *
The gnoll hits you.
* * * LOW HITPOINT WARNING * * *
Things that are here:
a whip; a gnoll corpse You hit the gnoll.
The gnoll is lightly wounded.
The gnoll hits you but does no damage.
Your shield prevents you from hitting the gnoll.
The gnoll is lightly wounded.
The gnoll hits you but does no damage. The gnoll hits you.
* * * LOW HITPOINT WARNING * * *
You hit the gnoll but do no damage.
The gnoll is lightly wounded.
The gnoll hits you.
You die...

###.#...####.........#
...........'.........'
##.#...####...).....#
#......# ##.......##
#......# ##.....##
#?...).# ##...##
##...).# ##+##
#.###.....#
#.....@g.## #######.##
...# ###.# #.# #.# ...
##


You could see a gnoll.

Vanquished Creatures
  An orc wizard (D:3)
  Natasha (twice) (D:2)
  3 gnolls (D:3)
  2 adders (D:3)
  An ooze (D:2)
  A worm (D:3)
  3 orcs (D:3)
  2 ball pythons
  2 giant cockroaches
  7 goblins
  2 hobgoblins (D:1)
  3 jackals (D:3)
  A quokka (D:3)
  A giant newt (D:1)
  3 kobolds
  6 rats
40 creatures vanquished.

Notes
Turn   | Place    | Note
--------------------------------------------------------------
     0 | D:1      | Raultor the Gargoyle Fighter began the quest for the Orb.
     0 | D:1      | Reached XP level 1. HP: 14/14 MP: 1/1
   183 | D:1      | Reached XP level 2. HP: 14/19 MP: 2/2
  1002 | D:2      | Noticed Natasha
  1031 | D:2      | Killed Natasha
  1031 | D:2      | Reached skill level 4 in Armour
  1031 | D:2      | Reached XP level 3. HP: 6/23 MP: 3/3
  1055 | D:2      | Noticed Natasha
  1059 | D:2      | HP: 1/23 [Natasha (1)]
  1062 | D:2      | Killed Natasha
  1370 | D:2      | Noticed Sigmund
  1385 | D:3      | Reached XP level 4. HP: 20/28 MP: 4/4
  1410 | D:3      | sigmund level 2
  1766 | D:3      | Reached XP level 5. HP: 22/32 MP: 5/5
  1828 | D:3      | Slain by a gnoll

Vault maps used:
D:1:      eino_arrival_tree_alley
D:2:      uniq_sigmund, uniq_jessica, uniq_natasha
D:3:      amethyst_overflow_temple_binary

Action                   |  1- 3 |  4- 6 || total
-------------------------+-------+-------++-------
Melee: Flail             |    96 |    84 ||   180
  Eat: Chunk             |     1 |     2 ||     3
